 Dungeon Crawl Stone Soup version 0.28-a0-845-gfc338a8e3c (webtiles) character file.

Game seed: 12639640240283625527

52 mainiacjoe the Chiller (level 3, -2/26 HPs)
             Began as a Ghoul Ice Elementalist on Nov 12, 2021.
             Slain by Sigmund (13 damage)
             ... on level 2 of the Dungeon.
             The game lasted 00:05:56 (1608 turns).

mainiacjoe the Chiller (Ghoul Ice Elementalist)     Turns: 1608, Time: 00:05:58

Health: -2/26      AC:  3    Str: 11    XL:     3   Next: 85%
Magic:  1/5        EV: 12    Int: 11    God:
Gold:   8          SH:  0    Dex:  9    Spells: 5/6 levels left

rFire   . . .      SeeInvis .   a - +0 short sword (protect)
rCold   + . .      Faith    .   (no shield)
rNeg    + + +      Spirit   .   f - +0 robe
rPois   ∞          Reflect  .   c - +0 helmet
rElec   .          Harm     .   (no cloak)
rCorr   .          Rampage  .   (no gloves)
Will    .....                   (no boots)
Stlth   ++........              (no amulet)
HPRegen 0.00/turn               (no ring)
MPRegen 0.09/turn               (no ring)

@: inhibited regen
A: claws 1, cold resistance 1, negative energy resistance 3, inhibited
regeneration, torment resistance 2
a: no special abilities


You were on level 2 of the Dungeon.
You visited 1 branch of the dungeon, and saw 2 of its levels.

You collected 29 gold pieces.
You spent 21 gold pieces at shops.

Inventory:

Hand Weapons
 a - a +0 short sword of protection (weapon)
 d - a +0 great mace
Missiles
 i - 6 sling bullets
 k - 3 boomerangs (quivered)
 n - 20 stones
Armour
 c - a +0 helmet (worn)
 f - a +0 robe (worn)
Scrolls
 e - a scroll of teleportation {unknown}
 g - a scroll of acquirement {unknown}
 h - a scroll of identify {unknown}
 l - a scroll of blinking {unknown}
Potions
 b - a potion of degeneration {unknown}
 j - a potion of curing {unknown}
 m - a potion of magic {unknown}


   Skills:
 - Level 1.7 Dodging
 - Level 2.1 Stealth
 + Level 2.4 Spellcasting
 * Level 5.4 Ice Magic


You had 5 spell levels left.
You knew the following spells:

 Your Spells              Type           Power      Damage    Failure   Level
a - Freeze                Ice            52%        1d7       3%          1

Your spell library contained the following spells:

 Spells                   Type           Power      Damage    Failure   Level
 Frozen Ramparts          Ice            26%        1d4       9%          3
 Ozocubu's Armour         Ice            13%        N/A       9%          3
 Ensorcelled Hibernation  Hex/Ice        14%        N/A       14%         2
 Shock                    Conj/Air       4%         1d3       28%         1
 Swiftness                Air            1%         N/A       63%         3
 Hailstorm                Conj/Ice       7%         3d4       65%         4
 Airstrike                Air            0%         N/A       95%         4
 Spider Form              Tmut/Pois      Unusable   N/A       N/A         3

Dungeon Overview and Level Annotations

Branches:
Dungeon (2/15)

Altars:

Shops:
D:1 *

Annotations:
D:2 Sigmund


Innate Abilities, Weirdness & Mutations

You thrive by killing the living.
You are immune to poison.
You have sharp fingernails.
Your flesh is cold resistant. (rC+)
You are immune to negative energy. (rN+++)
You do not regenerate when monsters are visible.
You are immune to unholy pain and torment.


Message History

You miss the bat. The bat hits you but does no damage.
You throw a boomerang. The boomerang hits the bat.
You kill the bat!
Sigmund the Dreaded comes into view.
He is wielding a +4 scythe.
Sigmund shouts!
Sigmund hits you with a +4 scythe!
Casting: Freeze (safe; 3% risk of failure)
Confirm with . or Enter, or press ? or * to list all spells.
Aiming: Freeze (safe; 3% risk of failure)
Press: ? - help, Shift-Dir - straight line, f - Sigmund
Aim: Sigmund, wielding a +4 scythe and wearing a +0 robe You freeze Sigmund.
Sigmund is lightly wounded.
Sigmund completely misses you.
Casting: Freeze (safe; 3% risk of failure)
Confirm with . or Enter, or press ? or * to list all spells.
Aiming: Freeze (safe; 3% risk of failure)
Press: ? - help, Shift-Dir - straight line, f/p - Sigmund
Aim: Sigmund, wielding a +4 scythe and wearing a +0 robe (lightly wounded)
You freeze Sigmund.
Sigmund is moderately wounded.
Casting: Freeze (safe; 3% risk of failure)
Confirm with . or Enter, or press ? or * to list all spells.
Aiming: Freeze (safe; 3% risk of failure)
Press: ? - help, Shift-Dir - straight line, f/p - Sigmund
Aim: Sigmund, wielding a +4 scythe and wearing a +0 robe (moderately wounded)
You freeze Sigmund.
Sigmund is heavily wounded.
Sigmund casts a spell at you. The magic dart hits you.
Casting: Freeze (safe; 3% risk of failure)
Confirm with . or Enter, or press ? or * to list all spells.
Aiming: Freeze (safe; 3% risk of failure)
Press: ? - help, Shift-Dir - straight line, f/p - Sigmund
Aim: Sigmund, wielding a +4 scythe and wearing a +0 robe (heavily wounded)
You freeze Sigmund.
Sigmund is heavily wounded.
Sigmund hits you with a +4 scythe!
Ouch! That really hurt!
You die...

#########
#...†...#
########.#####.#
#..............#
#.######.#########
#.#..#@@.........#
#.#..#.#.#######.#
#.#..#.#..#
#######.#..#.#..#
........#..#.#.##
######..#<.#.#..
.........÷>#.###
######.....#.
###..#..########


You could see Sigmund.

Vanquished Creatures
  Natasha (D:2)
  An adder (D:2)
  An endoplasm (D:1)
  2 giant cockroaches (D:1)
  A goblin (D:1)
  2 hobgoblins (D:1)
  A jackal (D:1)
  4 ball pythons
  2 bats
  A frilled lizard (D:1)
  A kobold (D:1)
  4 rats (D:1)
21 creatures vanquished.

Notes
Turn   | Place    | Note
-------+----------+-------------------------------------------
     0 | D:1      | mainiacjoe the Ghoul Ice Elementalist began the quest for
                  | the Orb.
     0 | D:1      | Reached XP level 1. HP: 14/14 MP: 2/2
   344 | D:1      | Reached XP level 2. HP: 18/20 MP: 4/4
   385 | D:1      | Found Maintyoj's Assorted Antiques.
   988 | D:1      | Bought a fuming brown potion for 21 gold pieces
  1118 | D:2      | Noticed Natasha
  1273 | D:2      | Killed Natasha
  1274 | D:2      | Reached skill level 5 in Ice Magic
  1274 | D:2      | Reached XP level 3. HP: 7/26 MP: 0/5
  1599 | D:2      | Noticed Sigmund
  1608 | D:2      | Slain by Sigmund

Illustrated notes

Levels and vault maps discovered:
D:1:      ebering_hopf_link, layout_basic, serial_shops,
          nicolae_shop_window_shopping, minmay_split_cup_small
D:2:      layout_basic, dreamdust_ecumenical_altar_drowned_temple,
          chequers_arboretum, uniq_natasha, uniq_sigmund

Skill      XL: |  1  2 |
---------------+-------+-----
Spellcasting   | 2 |  2.4
Ice Magic      | 5 |  5.4
Dodging        | |  1.7
Stealth        | |  2.1

Action                   || total
-------------------------++-------
Melee: Short sword       ||    31
       Unarmed           ||     3
Throw: Boomerang         ||     5
 Cast: Freeze            ||    32
 Stab: Sleeping          ||     1
Armor: Robe              ||    16
Dodge: Dodged            ||    45

Table legend: (Time is in decaauts)
 A = Elapsed time spent in this place.
 B = Non-inter-level travel time spent in this place.
 C = Inter-level travel time spent in this place.
 D = Time resting spent in this place.
 E = Time spent auto-exploring this place.
 F = Levels seen in this place.
 G = Mean time per level.
                   A        B        C        D        E       F      G
               +--------+--------+--------+--------+--------+-----+--------+
         Total |   1613 |   1505 |    108 |    421 |    818 |   2 |  806.5 |
       Dungeon |   1613 |   1505 |    108 |    421 |    818 |   2 |  806.5 |
               +--------+--------+--------+--------+--------+-----+--------+

Top non-repeatable levels by time:
     D:1: 1263 daAuts
     D:2: 350 daAuts
